Cogmind - Beta 9.1 @@@ ROGUE MODE // 2019.11.03 @ 13:58:41 Player: MrPainting Result: Destroyed by as-10410 with Assembled Heavy Rifle Performance ------------- Evolutions (0) 0 Regions Visited (4) 800 Robots Destroyed (20) 100 Value Destroyed (617) 617 Prototype IDs (3) 60 Alien Tech Used (0) 0 Bonus (300) 300 TOTAL SCORE: 1877 Bonus ------- Aligned with FarCom 300 Cogmind --------- Core Integrity 0/250 Matter 300/300 Energy 100/100 System Corruption 0% Temperature Cool (0) Location -9/Mines Parts ------- Power (1) Propulsion (2) Armored Wheel Utility (2) Large Storage Unit Weapon (2) AWS/Gauss Inventory (10) Armored Wheel Improved Heat Sink High-capacity Storage Unit Improved Sensor Array Improved Terrain Scan Processor Target Analyzer Hacking Suite Pulse Rifle Assault Rifle Missile Launcher Peak State ------------ Power Nuclear Core Propulsion Armored Wheel Armored Wheel Utility High-capacity Storage Unit Chronowheel Weapon AWS/Gauss Inventory Armored Wheel Improved Sensor Array Improved Terrain Scan Processor Target Analyzer Hacking Suite Missile Launcher [Rating: 38] Favorites ----------- Power Nuclear Core Engine Light Ion Engine Power Core Nuclear Core Propulsion Armored Wheel Leg Aluminum Leg Wheel Armored Wheel Utility Small Storage Unit Device Improved Sensor Array Storage Small Storage Unit Weapon Assault Rifle Energy Gun Pulse Rifle Ballistic Gun Assault Rifle Special Weapon Field Lobotomy Kit Build | -11 -10 -10 -10 -9 ------- Run | Scr Mat Min Exi Min Slots Evolved . | . . . . . Power . | . . . . . Propulsion . | . . . . . Utility . | . . . . . Weapon . | . . . . . Parts Attached 21 | 6 3 6 6 . Power 3 | 1 . 2 . . Engine 1 | 1 . . . . Core 2 | . . 2 . . Reactor . | . . . . . Propulsion 5 | 2 2 1 . . Treads . | . . . . . Leg 2 | 2 . . . . Wheel 3 | . 2 1 . . Hover . | . . . . . Flight . | . . . . . Utility 6 | 1 1 1 3 . Device 3 | . 1 1 1 . Storage 3 | 1 . . 2 . Processor . | . . . . . Hackware . | . . . . . Protection . | . . . . . Artifact . | . . . . . Weapon 7 | 2 . 2 3 . Energy Gun 3 | 1 . 2 . . Energy Cannon . | . . . . . Ballistic Gun 3 | 1 . . 2 . Ballistic Cannon . | . . . . . Launcher . | . . . . . Special Weapon 1 | . . . 1 . Impact Weapon . | . . . . . Slashing Weapon . | . . . . . Piercing Weapon . | . . . . . Special Melee Weapon . | . . . . . Unidentified Prototypes 3 | . . . 3 . Parts Lost 3 | . . 1 . 2 Power 1 | . . . . 1 Propulsion 1 | . . . . 1 Utility . | . . . . . Weapon 1 | . . 1 . . Highest Loss Streak 2 | . . 1 . 2 Average Slot Usage (%) 83 | . 90 96 85 65 Engine 1 | . 14 . . . Core 11 | . . 14 14 11 Leg 1 | . 12 . . . Wheel 25 | . 14 28 28 25 Device 7 | . 5 14 7 . Storage 14 | . 14 14 14 14 Energy Gun 7 | . 14 10 7 . Ballistic Gun 14 | . 14 14 14 14 Naked Turns . | . . . . . Heaviest Build 49 | 11 12 17 49 33 Greatest Support 24 | 20 24 24 24 24 Greatest Overweight (x) 2 | . 1 . 2 2 Average Overweight (x) . | . . . 1 1 Largest Inventory Capacity 12 | 6 6 6 12 10 Average Capacity 8 | 5 6 6 10 10 Most Carried 12 | . 3 6 12 10 Average Carried 6 | . 1 4 7 10 Final Capacity 10 | 6 6 6 10 10 Final Carried 10 | . 3 6 10 10 Class Distribution -------------------- 100% | Mutant Dominant Class ---------------- Mutant | -10/Materials Mutant | -10/Mines Mutant | -10/Exiles Mutant | -9/Mines Resources | -11 -10 -10 -10 -9 ----------- Run | Scr Mat Min Exi Min Matter Collected 475 | 238 71 96 70 . Remotely . | . . . . . Salvage Created 755 | . 214 176 . 365 Parts 37 | . 7 12 . 18 Haulers Intercepted . | . . . . . Recyclers Shooed 2 | . 2 . . . Parts Field Recycled . | . . . . . Retrieved Matter . | . . . . . Parts Self-Destructed . | . . . . . Prevented . | . . . . . Kills | -11 -10 -10 -10 -9 ------- Run | Scr Mat Min Exi Min Combat Hostiles Destroyed 18 | . 2 4 . 12 Guns 18 | . 2 4 . 12 Classes Destroyed 5 | . 2 . . 3 Recycler 2 | . 2 . . . Swarmer 3 | . . . . 3 Grunt 11 | . 2 4 . 5 Demolisher 2 | . . . . 2 Assembled 2 | . . . . 2 Best Kill Streak 4 | . 4 2 . 4 Combat Bots Only 4 | . 2 2 . 4 Max Kills in Single Turn 1 | . 1 1 . 1 Gunslinging . | . . . . . Exploded . | . . . . . Melee . | . . . . . Uniques/NPCs Destroyed . | . . . . . Combat | -11 -10 -10 -10 -9 -------- Run | Scr Mat Min Exi Min Damage Taken 835 | . 147 250 . 438 Core 253 | . 65 77 . 111 Absorbed by Shields . | . . . . . Core Remaining (%) 100 | 100 . . . . Volleys Fired 25 | . 9 16 . . Largest 2 | . 2 2 . . Hottest 83 | . 60 83 . . Shots Fired 87 | . 18 22 . 47 Gun 87 | . 18 22 . 47 Cannon . | . . . . . Launcher . | . . . . . Special . | . . . . . Kinetic 72 | . 9 16 . 47 Thermal 3 | . . 3 . . Explosive . | . . . . . Electromagnetic 12 | . 9 3 . . Robot Hit Streak 19 | . 7 15 . 19 Robot Miss Streak 5 | . 2 1 . 5 Penetration Max 1 | . . . . 1 Secondary Targets 2 | . 1 1 . . Max Gunslinging Chain 1 | . 1 1 . . Autonomous 47 | . . . . 47 Shots Hit Robots 67 | . 13 19 . 35 Core Hits 29 | . 8 8 . 13 Critical Hits . | . . . . . Critical Kills . | . . . . . Critical Parts Destroyed . | . . . . . Melee Attacks . | . . . . . Impact . | . . . . . Slashing . | . . . . . Piercing . | . . . . . Sneak Attacks . | . . . . . Combat Hostiles . | . . . . . Follow-up Attacks . | . . . . . Damage Inflicted 1726 | . 242 275 . 1209 Guns 1652 | . 168 275 . 1209 Cannons . | . . . . . Explosions 69 | . 69 . . . Melee . | . . . . . Ramming 5 | . 5 . . . Kinetic 1502 | . 98 195 . 1209 Thermal 122 | . 69 53 . . Explosive . | . . . . . Electromagnetic 97 | . 70 27 . . Impact . | . . . . . Slashing . | . . . . . Piercing . | . . . . . Highest Corruption . | . . . . . Average Corruption . | . . . . . Corruption Purged . | . . . . . Overload Shots . | . . . . . Overflow Damage 9 | . 9 . . . Projectiles . | . . . . . Explosions 9 | . 9 . . . Melee . | . . . . . Knockbacks . | . . . . . Impact . | . . . . . Kinetic . | . . . . . Secondary . | . . . . . Self-Inflicted Damage 2 | . 2 . . . Shots . | . . . . . Rammed 1 | . 1 . . . Targets Rammed 1 | . 1 . . . Kicked . | . . . . . Crushed . | . . . . . Highest Temperature 105 | . 30 105 . . Average Temperature 27 | . 12 32 . . Received Heat Transfer 222 | . 54 141 . 27 Siege Activations . | . . . . . Robots Corrupted . | . . . . . Combat Hostiles . | . . . . . Parts Fried . | . . . . . Impact Corruptions . | . . . . . Robots Melted . | . . . . . Combat Hostiles . | . . . . . Parts Melted . | . . . . . Heat Transferred 161 | . 50 111 . . Parts Sabotaged . | . . . . . Parts Stolen . | . . . . . Parts Stripped . | . . . . . Power Chain Reactions 1 | . 1 . . . Missiles Intercepted . | . . . . . Alert | -11 -10 -10 -10 -9 ------- Run | Scr Mat Min Exi Min Peak Influence 228 | . 75 133 . 228 Average Influence 92 | . 22 70 . 164 Maximum Alert Level 1 | . . . . 1 Low Security (%) 92 | . . . . . Level 1 7 | . . . . . Level 2 . | . . . . . Level 3 . | . . . . . Level 4 . | . . . . . Level 5 . | . . . . . High Security . | . . . . . Max Security . | . . . . . Squads Dispatched 1 | . . 1 . . Investigation 1 | . . 1 . . Extermination . | . . . . . Reinforcement . | . . . . . Assault . | . . . . . Garrison . | . . . . . Intercept . | . . . . . Construction Impeded . | . . . . . Haulers Reinforced . | . . . . . Stealth | -11 -10 -10 -10 -9 --------- Run | Scr Mat Min Exi Min Distress Signals . | . . . . . Communications Jammed . | . . . . . Distress Signals . | . . . . . Times Spotted 27 | . 6 4 . 17 Peak Tracking Total 7 | . 4 2 . 7 Tactical Retreats 2 | . . . . 2 Traps | -11 -10 -10 -10 -9 ------- Run | Scr Mat Min Exi Min Traps Triggered . | . . . . . Indirectly . | . . . . . Trap Hack Attempts . | . . . . . Triggered . | . . . . . Disarmed . | . . . . . Reprogrammed . | . . . . . Reused . | . . . . . Traps Extracted . | . . . . . Installed . | . . . . . Triggered . | . . . . . Machines | -11 -10 -10 -10 -9 ---------- Run | Scr Mat Min Exi Min Machines Disabled 4 | . 1 1 . 2 Max in Single Turn 1 | . 1 1 . 1 Machines Sabotaged . | . . . . . Garrisons Compromised . | . . . . . Overloaded Fab Kills . | . . . . . Fab Network Shutdowns . | . . . . . Hacking | -11 -10 -10 -10 -9 --------- Run | Scr Mat Min Exi Min Machines Accessed 1 | . . 1 . . Terminals . | . . . . . Fabricators . | . . . . . Repair Stations . | . . . . . Recycling Units . | . . . . . Scanalyzers . | . . . . . Garrison Access . | . . . . . Total Hacks 1 | . . 1 . . Successful 1 | . . 1 . . Failed . | . . . . . Catastrophic . | . . . . . Database Lockouts . | . . . . . Manual 1 | . . . 1 . Terminals . | . . . . . Fabricators . | . . . . . Repair Stations . | . . . . . Recycling Units . | . . . . . Scanalyzers . | . . . . . Garrison Access . | . . . . . Terminal Hacks 1 | . . 1 . . Open Door 1 | . . 1 . . Fabricator Hacks . | . . . . . Repair Station Hacks . | . . . . . Recycling Unit Hacks . | . . . . . Scanalyzer . | . . . . . Garrison Access Hacks . | . . . . . Unauthorized Hacks . | . . . . . Terminals . | . . . . . Fabricators . | . . . . . Repair Stations . | . . . . . Recycling Units . | . . . . . Scanalyzers . | . . . . . Garrison Access . | . . . . . Data Cores Recovered . | . . . . . Used . | . . . . . Hacking Detections . | . . . . . Full Trace Events . | . . . . . Feedback Events . | . . . . . Feedback Blocked . | . . . . . Robot Schematics Acquired . | . . . . . Robots Built . | . . . . . Matter . | . . . . . Time . | . . . . . Total Robot Build Rating . | . . . . . Part Schematics Acquired . | . . . . . Parts Built . | . . . . . Matter . | . . . . . Time . | . . . . . Total Part Build Rating . | . . . . . Parts Repaired . | . . . . . Time . | . . . . . Parts Recycled . | . . . . . Recycled Matter . | . . . . . Retrieved Matter . | . . . . . Retrieved Components . | . . . . . Parts Scanalyzed . | . . . . . Part Schematics Acquired . | . . . . . Parts Damaged . | . . . . . Bothacking | -11 -10 -10 -10 -9 ------------ Run | Scr Mat Min Exi Min Used RIF Installer . | . . . . . Robots Hacked . | . . . . . Non-combat . | . . . . . Combat . | . . . . . Robot Hacks Applied . | . . . . . Relay Couplers Released . | . . . . . Robots Rewired . | . . . . . Allies Hacked . | . . . . . Hacks Repelled . | . . . . . Allies | -11 -10 -10 -10 -9 -------- Run | Scr Mat Min Exi Min Total Allies 2 | . . . . 2 Largest Group 2 | . . . . 2 Highest-Rated Group 45 | . . . . 45 Highest-Rated Ally 31 | . . . . 31 Total Orders . | . . . . . Ally Attacks 2 | . . . . 2 Total Damage 44 | . . . . 44 Kills . | . . . . . Allies Corrupted . | . . . . . Allies Melted 1 | . . 1 . . Intel | -11 -10 -10 -10 -9 ------- Run | Scr Mat Min Exi Min Robot Analysis Total . | . . . . . Derelict Logs Recovered . | . . . . . Drone Launches . | . . . . . Drone Recoveries . | . . . . . Exploration | -11 -10 -10 -10 -9 ------------- Run | Scr Mat Min Exi Min Turns Passed 1124 | 64 122 331 311 296 Spaces Moved 964 | 53 80 295 293 243 Core 11 | 11 . . . . Treads . | . . . . . Legs 87 | 42 45 . . . Wheels 866 | . 35 295 293 243 Hover . | . . . . . Flight . | . . . . . Fastest Speed 50 | 50 90 90 90 100 Average Speed 98 | 105 107 90 100 101 Slowest Speed 150 | 120 150 90 110 110 Overloaded Moves . | . . . . . Propulsion Burnouts . | . . . . . Robots Hopped . | . . . . . Cave-ins Triggered . | . . . . . Exploration Rate (%) 43 | 3 27 59 65 62 Regions Visited 4 Branch Regions 3 Pre-discovered Areas . | . . . . . Known Exits Taken . | . . . . . Unknown Exits Taken 4 | 1 1 1 1 . Scrap Searched 2 | . . 1 . 1 Spaces Dug . | . . . . . Terrain Destroyed 43 | . 2 . . 41 Melee . | . . . . . Projectile 41 | . . . . 41 AOE 2 | . 2 . . . Actions | -11 -10 -10 -10 -9 --------- Run | Scr Mat Min Exi Min Total 1097 | 58 98 338 312 291 Wait 56 | . . 8 . 48 Move 960 | 52 79 294 292 243 Hop . | . . . . . Pick Up 20 | . 4 9 7 . Fast Attach 8 | 6 2 . . . Attach 6 | . 1 1 4 . Detach 1 | . . . 1 . Swap 7 | . . 5 2 . Drop 13 | . 2 5 6 . Fire 25 | . 9 16 . . Melee . | . . . . . Ram 1 | . 1 . . . Kick . | . . . . . Crush . | . . . . . Escape Stasis . | . . . . . Rewire . | . . . . . Trap . | . . . . . Miscellaneous . | . . . . . Route ------- -11/Scrapyard -10/Materials -10/Mines (discovered 2 exits: [*Mat] / *Exi) -10/Exiles -9/Mines (discovered 1 exit: [*Mat]) History --------- Turn | Location | Event 4 | -11/Scrapyard | Discovered new exit (range 16) 65 | -11/Scrapyard | Entered Materials 134 | -10/Materials | Discovered new exit (range 15) 187 | -10/Materials | Entered Mines 237 | -10/Mines | Discovered new exit (range 5) 305 | -10/Mines | Build established: Mutant 307 | -10/Mines | Core integrity fell below 50% 358 | -10/Mines | Met a Derelict shopkeep closing up shop 515 | -10/Mines | Deemed a non-threat by the Exiles lab entrance 515 | -10/Mines | Discovered new exit (range 5) 518 | -10/Mines | Entered Exiles 539 | -10/Exiles | Met 8R-AWN 555 | -10/Exiles | Met EX-HEX 628 | -10/Exiles | Met EX-BIN 641 | -10/Exiles | Aligned with FarCom system 642 | -10/Exiles | Given EX-Vault access code 665 | -10/Exiles | Opened EX-Vault 671 | -10/Exiles | Found Prototype Ballistic Gun 672 | -10/Exiles | Identified AWS/Gauss 676 | -10/Exiles | Found Prototype Device 677 | -10/Exiles | Identified Chronowheel 677 | -10/Exiles | Activated Chronowheel 692 | -10/Exiles | Found Prototype Special Weapon 693 | -10/Exiles | Identified Field Lobotomy Kit 721 | -10/Exiles | Warned to stay clear of 0b10 Research branches 749 | -10/Exiles | Met EX-DEC 818 | -10/Exiles | Discovered new exit (range 14) 829 | -10/Exiles | Left Exiles lab with AWS/Gauss 829 | -10/Exiles | Entered Mines 1009 | -9/Mines | Found a hidden stash of uninstalled traps 1051 | -9/Mines | Assembled infested the area 1056 | -9/Mines | Assisted by a Guerilla fighting off Assembled 1057 | -9/Mines | Core integrity fell below 20% 1109 | -9/Mines | Discovered new exit (range 8) 1125 | -9/Mines | Destroyed by as-10410 with Assembled Heavy Rifle Last Messages --------------- 01071_ D-53 Grenadier destroyed. 01071_ HV Slug penetrates D-53 Grenadier. 01072_ The unstable cave ceiling collapses. 01073_ D-53 Grenadier destroyed. 01075_ The unstable cave ceiling collapses. 01093_ U-05 Engineer lays Concrete. 01099_ The unstable cave ceiling collapses. 01100_ U-05 Engineer lays Concrete. 01109_ EXIT=FOUND 01110_ U-05 Engineer lays Concrete. 01111_ U-05 Engineer builds a Wall. 01115_ U-05 Engineer lays Concrete. 01118_ U-05 Engineer builds a Wall. 01119_ K-01 Serf collects debris. 01121_ The unstable cave ceiling collapses. 01121_ K-01 Serf collects debris. 01122_ U-05 Engineer lays Concrete. 01124_ Slug penetrates as-30927. 01124_ as-30927 destroyed. 01125_ Slug penetrates Wall. Map ----- +----------------------------------------------------+ | ## ##??????????????????? | | ?##### ###### #??????????????????? | | ###### ##??## ## #####?????????##???????? | | ## #???## ##?###????????????# #???????? | | #????### ##?????????????????# #???????? | | #[ ##??????# ##?????????????######"####????? | | #%%! #???????# #??????????????# #????? | | =!%[ & #####???# ##############?# """ "" #????? | | ###""&& ##### #?# """ "" #????? | | ???#### % ############ ### """ ["" #????? | | ??????###### #######??????????# """=%"" #????? | | ???????????# #????????????????##### [%=** #????? | | ???????????# ######???????????????######%####????? | | ???????????# #????????????????????#[#???????? | | ???????????###### #????????????????????#*#???????? | | ????????????????# #????????????????????# #????##?? | | ?????????????####%;###?????????????????# #??## #?? | | ?????????????# a aa| #?????????????????# ### #??? | | ?????????????# ##a*%=#?????????????????# ##%!###?? | | ?????????????#??##=%a;?????????????????# " # | | ??????????????????#;%;##???????????????###### #### | | ?????????????????## *% ##???????????????????# #??? | | ????????????????## ###?????????????????" #??? | | ????????????????# ##????????????????" #??? | | ????????????????# #????????????????# #??? | | ????????????????# @ #####????????????# "??? | | ????????????????## ## #;## ###???#####??# "??? | | ?????????????????###?## ## #""" ####" "#??# #??? | | ??????????????####????## #""# "###"" #??# #??? | | ?????????????## #??### "# ## ####=###? | | ?????????????# #?# # ## % #? | | ?????????????# #### % ## #? | | ?????????????# # "# ## #? | | ?????????????# "### ## " " #? | | ?????????????# ##?## ## """ #? | | ?????????????# ## "#??? < ## """ #? | | ?????????????# ### #%%]# #"#??? ### #? | | ?????????????# #?### ## = ###??? ##?# #? | | ?????????????# #???# # #????? #??#######? | | ?????????????# #???## #????? ?????????? | | ?????????????# #?### ###????? ????????? | | ?????????????# ### # #?????? ????????? | | ?????????????# ## * ###??????? ???????? | | ?????????????# ## = = #?????????#####???????? | | ?????????????# #?????????????????????? | | ?????????????# ##?????????????????????? | | ?????????????##### ##??????????????????????? | | ?????????????????# # ### #??????????????????????? | | ?????????????????# ##??????????????????????? | | ?????????????????### ##???????????????????????? | +----------------------------------------------------+ Best States ------------- Heat Dissipation 39 Energy Generation 14 Energy Capacity 240 Matter Stores 300 Matter Capacity 300 Sight Range 16 Robot Scan Range 13 Terrain Scan Density 10 Evasion (%) 50 Item Schematics ----------------- None Robot Schematics ------------------ None Fabricated ------------ Nothing Alien Tech Used ----------------- None Achievements -------------- None Challenges ------------ None Game ------ Seed ReinforcedFlyingTerminator Manual? 0 Play Time 00:11:37 Cumulative 103.6 hours Start 2019.11.03 @ 13:49:28 End 2019.11.03 @ 13:58:41 Sessions 1 Manual Loads 0 Difficulty Rogue Special Mode None Game No. 170 Rogue 170 Adventurer 0 Explorer 0 Win Type - Total 0 Types 0/0/0/0/0/0/0 Lore% 32 Gallery% 48 Achievement% 34 Wizard Run 0 Options --------- ASCII 0 Keyboard 0 Movement Mouse Keybinds 0 Fullscreen 1 Font 18/SmallcapsGlow Map View 76x50 Tactical HUD 1 Map Filters NONE Filters NONE Steam 1 RUN: 39b10fca-40fa-43b0-9523-9cf719e47c56